Map: Ascension to Aiur LE

Players

GuMiho - Winner!

  • Race: Terran Terran
  • League: Master
  • Spawn Location: 5:00

INnoVation

  • Race: Terran Terran
  • League: Grandmaster
  • Spawn Location: 11:00

VOD

Have the link to the VOD?

Description

Time

  • Played on: Dec. 23, 2017, 3:23 a.m.
  • Length: 16:55
Show
View Real Time Build Order
Export as new Build Order

GuMiho Terran - Winner!

Build Orders: Gas First Reaper Expand, Reaper Expand, Mech, Banshee Rush 

Get SALT Encoding   

  12  0:00  SCV  
  13  0:13  SCV  
  14  0:17  Supply Depot  
  14  0:25  SCV  
  14  0:27  Refinery  
  15  0:38  SCV  
  16  0:45  Barracks  
  16  0:50  SCV  
  17  1:02  SCV  
  18  1:15  SCV  
  19  1:32  Reaper, Orbital Command  
  20  1:42  Command Center  
  20  1:53  Factory  
  20  1:57  SCV  
  21  2:04  Supply Depot  
  21  2:07  Reaper  
  22  2:12  Refinery  
  22  2:14  SCV  
  23  2:26  SCV  
  24  2:37  Hellion  
  24  2:38  SCV  
  24  2:39  Starport  
  27  2:47  Barracks Tech Lab  
  27  2:50  SCV  
  28  2:55  Orbital Command  
  28  2:59  Hellion  
  28  3:03  SCV  
  31  3:15  SCV  
  32  3:21  Hellion  
  32  3:22  Cloaking Field, Banshee  
  32  3:25  SCV  
  39  3:27  SCV  
  39  3:30  Supply Depot  
  39  3:37  Barracks Reactor, SCV  
  39  3:39  SCV  
  41  3:48  Cyclone  
  41  3:49  SCV  
  41  3:51  SCV  
  41  3:52  Supply Depot  
  41  3:53  Refinery  
  46  4:01  SCV  
  47  4:03  SCV  
  47  4:06  Supply Depot  
  47  4:07  Banshee  
  51  4:13  SCV  
  51  4:15  SCV  
  53  4:25  SCV  
  53  4:27  SCV  
  55  4:35  Cyclone x2  
  55  4:36  Supply Depot  
  55  4:37  SCV  
  62  4:39  SCV  
  63  4:50  SCV  
  63  4:51  SCV  
  65  4:53  Command Center  
  65  4:54  Banshee  
  68  5:00  Refinery  
  68  5:02  SCV  
  68  5:03  SCV  
  70  5:07  Cyclone  
  70  5:08  Supply Depot  
  70  5:13  Cyclone  
  70  5:14  SCV  
  77  5:16  SCV  
  78  5:29  SCV  
  78  5:30  SCV  
  74  5:39  Cyclone  
  74  5:42  SCV x2  
  79  5:48  Armory x2  
  79  5:54  SCV x2  
  79  5:56  Cyclone  
  84  6:06  SCV x2  
  86  6:12  Orbital Command  
  86  6:18  SCV x2  
  87  6:19  Factory  
  87  6:20  Factory  
  87  6:24  Refinery  
  87  6:27  Hellion  
  87  6:28  Refinery, Hellion  
  87  6:30  SCV x2  
  87  6:31  Supply Depot  
  87  6:32  Command Center  
  93  6:41  SCV  
  93  6:42  SCV x2  
  93  6:44  Terran Vehicle And Ship Armor Level 1, Terran Vehicle Weapons Level 1  
  96  6:53  SCV  
  84  6:57  Cyclone x2, SCV x2  
  84  7:00  Banshee  
  92  7:05  SCV  
  92  7:06  Factory Tech Lab x2  
  93  7:09  SCV x2  
  95  7:17  SCV  
  95  7:21  SCV x2  
  95  7:22  Supply Depot x2  
  98  7:24  Supply Depot  
  98  7:25  Siege Tank x2  
  104  7:32  Hellion x2  
  104  7:35  SCV, Factory  
  109  7:38  Factory  
  109  7:41  Command Center  
  109  7:43  SCV  
  110  7:45  Banshee  
  110  7:47  Orbital Command  
  110  7:51  SCV x2  
  115  7:53  Supply Depot  
  115  7:55  SCV  
  115  7:57  Hellion x2  
  115  7:58  Infernal Pre-Igniter  
  120  8:03  SCV  
  120  8:05  SCV  
  122  8:07  SCV  
  122  8:10  Siege Tank x2  
  128  8:15  SCV  
  129  8:22  Hellion x2, Factory Tech Lab, Factory Reactor  
  129  8:38  SCV x2  
  129  8:40  Terran Vehicle Weapons Level 2  
  131  8:42  Hellion, Siege Tank x2, SCV  
  131  8:43  Hellion, SCV  
  131  8:44  Hellion  
  131  8:48  Terran Vehicle And Ship Armor Level 2  
  142  8:50  SCV  
  142  8:55  SCV x3  
  146  9:02  Supply Depot, SCV  
  147  9:03  Supply Depot x2, Hellion  
  147  9:04  Hellion  
  147  9:06  Hellion  
  147  9:07  SCV  
  147  9:08  Hellion x2, Banshee  
  157  9:14  Refinery x2, Siege Tank  
  157  9:16  Barracks  
  160  9:21  Hellion  
  160  9:23  Engineering Bay  
  159  9:24  Hellion  
  161  9:32  Hellion  
  161  9:36  Hellion x2  
  161  9:38  Hellion  
  167  9:42  Siege Tank  
  170  9:48  Siege Tank x2  
  176  9:56  Banshee  
  178  10:04  Starport  
  178  10:06  Starport  
  178  10:07  Command Center  
  175  10:26  Supply Depot x2  
  175  10:27  Smart Servos  
  175  10:28  Hellion  
  156  10:33  Hellion x2  
  156  10:37  Refinery  
  156  10:43  Starport Reactor  
  156  10:44  Supply Depot, Hellion, Siege Tank x3, Starport Reactor  
  156  10:45  Supply Depot  
  156  10:49  Hellion  
  169  10:54  Hellion  
  169  10:55  Hellion  
  173  11:05  Hellion  
  173  11:11  Hellion, Liberator x3  
  171  11:12  Liberator x2  
  171  11:15  Hellion  
  171  11:16  Hellion x2, Siege Tank x2  
  183  11:21  Orbital Command  
  183  11:27  Hellion  
  197  11:33  Supply Depot  
  197  11:37  Hellion, Siege Tank  
  197  11:38  Hellion  
  165  11:52  Siege Tank x2  
  165  11:54  Liberator x2  
  140  11:58  Hellion x3  
  140  11:59  Hellion  
  140  12:01  Orbital Command  
  128  12:09  Siege Tank  
  128  12:10  Orbital Command  
  134  12:19  Hellion x3  
  134  12:20  Hellion  
  134  12:21  Hellion  
  137  12:24  Hellion, Siege Tank  
  133  12:41  Hellion x2  
  133  12:42  Hellion x3  
  140  12:46  Hellion  
  140  12:48  Viking  
  140  12:49  Viking x2  
  145  12:54  Viking x2  
  145  12:56  Hellion  
  151  13:01  Missile Turret  
  151  13:02  Refinery, Hellion x2  
  151  13:03  Hellion  
  155  13:08  Hellion x3  
  157  13:18  Hellion, Viking  
  151  13:23  Viking x2  
  151  13:24  Viking x2  
  153  13:34  Refinery  
  154  13:41  Siege Tank  
  154  13:42  Siege Tank  
  154  13:43  Hellion x3  
  154  13:46  SCV x4  
  154  13:47  SCV  
  168  13:48  Viking  
  168  13:53  Viking x2  
  174  13:58  SCV x3  
  171  14:05  Siege Tank  
  171  14:06  Hellion x4  
  176  14:13  Hellion  
  176  14:15  Hellion  
  146  14:26  Liberator  
  146  14:28  Hellion x2  
  147  14:31  Hellion  
  135  14:38  Liberator x3  
  135  14:39  Liberator  
  141  14:48  SCV  
  141  14:49  SCV x4  
  142  15:00  SCV  
  142  15:01  SCV x4  
  145  15:11  Hellion x2, Siege Tank x2  
  145  15:12  Hellion  
  156  15:27  Hellion x2  
  160  15:41  Hellion x3  
  164  15:43  Siege Tank x2  
  164  15:49  Hellion, Siege Tank  
  175  16:02  Hellion x3  
  181  16:11  Hellion  
  183  16:15  Hellion x2  
  187  16:21  Hellion  
  187  16:23  Hellion  
  187  16:24  Hellion x2  
  185  16:32  Hellion  
Show
View Real Time Build Order
Export as new Build Order

INnoVation Terran 

Build Orders: Reaper Expand 

Get SALT Encoding   

  12  0:00  SCV  
  13  0:12  SCV  
  14  0:17  Supply Depot  
  14  0:25  SCV  
  15  0:38  SCV  
  15  0:39  Barracks  
  16  0:44  Refinery  
  16  0:51  SCV  
  17  1:03  SCV  
  18  1:15  SCV  
  19  1:27  Reaper, Orbital Command  
  20  1:40  Command Center  
  20  1:50  Supply Depot  
  20  1:52  SCV  
  21  1:59  Reaper  
  22  2:05  SCV  
  23  2:17  SCV  
  24  2:23  Factory  
  24  2:29  SCV  
  25  2:33  Command Center  
  25  2:40  Barracks Reactor  
  25  2:41  SCV  
  25  2:43  Refinery  
  26  2:53  SCV, Orbital Command  
  27  3:05  SCV  
  28  3:17  SCV  
  28  3:19  Hellion x2  
  33  3:20  SCV  
  33  3:23  Refinery  
  34  3:29  SCV  
  34  3:32  SCV  
  36  3:40  Cyclone x2  
  42  3:41  SCV  
  42  3:44  SCV  
  42  3:46  Orbital Command  
  44  3:50  Refinery  
  44  3:53  SCV  
  45  3:56  SCV  
  45  4:00  Supply Depot  
  46  4:06  SCV  
  46  4:08  SCV  
  48  4:12  Cyclone x2  
  48  4:13  SCV  
  55  4:18  SCV  
  55  4:20  SCV  
  57  4:24  Supply Depot  
  57  4:26  SCV  
  57  4:29  Barracks Reactor, Factory  
  57  4:30  SCV  
  59  4:32  SCV, Orbital Command  
  59  4:38  Supply Depot  
  60  4:42  SCV  
  60  4:44  SCV  
  62  4:46  Cyclone x2  
  67  4:54  Engineering Bay, SCV  
  67  4:57  SCV  
  67  4:59  SCV  
  67  5:06  SCV  
  67  5:09  SCV  
  66  5:15  SCV  
  66  5:18  SCV  
  66  5:21  SCV  
  66  5:22  Missile Turret  
  66  5:26  Missile Turret  
  60  5:29  SCV  
  60  5:30  SCV  
  60  5:33  SCV  
  60  5:34  Cyclone x3  
  68  5:42  SCV x2  
  67  5:45  SCV  
  67  5:46  Cyclone  
  71  5:51  Missile Turret  
  71  5:56  SCV x2  
  73  5:57  SCV  
  74  6:07  Cyclone  
  74  6:08  Cyclone  
  74  6:13  Cyclone  
  74  6:16  SCV x2  
  74  6:17  SCV  
  74  6:22  Cyclone  
  77  6:28  SCV  
  77  6:29  SCV x2  
  77  6:32  Supply Depot  
  83  6:40  Cyclone  
  83  6:43  Cyclone  
  79  6:55  Cyclone, SCV x2  
  79  6:56  Cyclone, SCV  
  82  7:03  Armory  
  82  7:04  Armory  
  82  7:07  SCV x2  
  84  7:08  SCV  
  84  7:14  Supply Depot  
  84  7:15  Cyclone  
  88  7:20  Cyclone  
  91  7:25  Supply Depot  
  91  7:27  Refinery x2  
  92  7:30  SCV x2  
  92  7:35  SCV  
  94  7:42  Supply Depot, SCV x2  
  96  7:47  SCV  
  96  7:49  Supply Depot  
  97  7:52  Terran Vehicle And Ship Armor Level 1, Terran Vehicle Weapons Level 1  
  97  7:53  Cyclone x2  
  97  7:56  Cyclone  
  97  7:57  Supply Depot x2, SCV x2  
  108  7:59  SCV  
  108  8:04  Cyclone  
  111  8:09  SCV  
  111  8:10  SCV  
  111  8:11  SCV  
  114  8:13  Supply Depot  
  114  8:23  SCV x2  
  114  8:24  SCV  
  114  8:26  Command Center  
  114  8:27  Factory x2  
  117  8:28  Factory  
  116  8:35  Hellion x3  
  116  8:36  Hellion, SCV x3  
  125  8:42  Supply Depot  
  126  8:48  SCV x3  
  126  8:55  Supply Depot  
  128  8:57  Starport  
  128  9:00  SCV x3  
  128  9:01  Cyclone x2  
  128  9:02  Cyclone x2  
  141  9:12  Factory Tech Lab x3  
  141  9:14  Supply Depot  
  141  9:15  Supply Depot, SCV x3  
  144  9:27  SCV x3  
  147  9:32  Refinery  
  147  9:34  Refinery, Siege Tank x2  
  147  9:35  Siege Tank, Starport Reactor  
  154  9:41  Infernal Pre-Igniter  
  154  9:42  Planetary Fortress  
  154  9:43  SCV x2  
  154  9:44  SCV  
  157  9:53  Hellion x3  
  157  9:54  Hellion  
  157  9:56  Terran Vehicle Weapons Level 2  
  165  10:01  Terran Vehicle And Ship Armor Level 2  
  165  10:12  Siege Tank  
  164  10:14  SCV x3  
  164  10:18  Siege Tank  
  164  10:20  Liberator x2  
  165  10:24  Siege Tank  
  165  10:25  Hellion x4  
  163  10:29  SCV x3  
  169  10:43  SCV x3  
  169  10:44  Hellion  
  169  10:49  Hellion x4  
  182  11:03  Siege Tank x2, Liberator x2  
  182  11:05  Siege Tank  
  173  11:15  Hellion x3  
  173  11:16  Hellion  
  178  11:22  Missile Turret  
  178  11:23  Supply Depot  
  179  11:35  Siege Tank x2  
  179  11:36  Hellion  
  179  11:37  Hellion x3, Siege Tank  
  160  11:49  SCV x2  
  135  11:55  Orbital Command  
  135  12:01  Hellion x3  
  123  12:02  Hellion  
  123  12:03  Viking x2  
  123  12:07  SCV x2  
  126  12:14  Refinery  
  123  12:16  Refinery  
  123  12:19  SCV  
  111  12:23  Orbital Command  
  111  12:24  Siege Tank x3  
  111  12:26  Hellion  
  111  12:27  Hellion x3  
  120  12:32  SCV x2  
  120  12:33  Viking x2  
  125  12:44  SCV x2  
  125  12:51  SCV  
  123  12:56  SCV x2  
  123  12:58  Thor x2, Siege Tank  
  140  13:03  SCV, Viking x2  
  144  13:08  Hellion x2  
  144  13:09  Hellion  
  138  13:13  SCV x2  
  138  13:15  SCV  
  137  13:26  SCV x2  
  136  13:27  SCV  
  136  13:28  Refinery x2  
  134  13:34  Viking  
  134  13:35  Viking  
  134  13:36  Siege Tank  
  134  13:41  Siege Tank x2  
  147  13:45  Hellion x2  
  147  13:47  Hellion  
  146  14:06  Hellion  
  146  14:07  Hellion x2  
  146  14:08  Siege Tank  
  146  14:09  Viking  
  134  14:10  Viking  
  134  14:13  Siege Tank x2  
  123  14:29  Hellion x6  
  113  14:38  SCV x2  
  113  14:40  Siege Tank  
  113  14:45  Siege Tank x2  
  116  14:50  SCV  
  116  14:51  Hellion x4  
  123  15:00  Viking  
  123  15:01  Viking  
  123  15:05  Orbital Command  
  127  15:14  Siege Tank  
  127  15:17  Siege Tank x2  
  127  15:18  Hellion x4  
  136  15:30  Viking  
  136  15:31  Viking  
  134  15:38  SCV x3  
  133  15:49  Siege Tank x2  
  139  15:50  Siege Tank  
  139  15:53  Hellion x2  
  139  15:54  Refinery  
  139  15:56  Hellion  
  150  15:59  Hellion  
  150  16:02  Viking  
  152  16:10  Viking  
  154  16:15  Missile Turret  
  127  16:27  Factory Tech Lab x3  
  127  16:32  SCV x3  
Tags
 
Add a new tag
Caveats
  • Supply blocks, unpowered buildings, or Contaminate may cause inaccurate times.
  • Supply counts are checked every 10 seconds.